 Dungeon Crawl Stone Soup version 0.32-a0-859-gb0a091d592 (webtiles) character file.

Game seed: 11373768226349338283

19700 epen the Mimic (level 12, -3/70 HPs)
             Began as an Octopode Ice Elementalist on Mar 27, 2024.
             Was a High Priest of Cheibriados.
             Slain by a komodo dragon (14 damage)
             ... on level 2 of the Lair of Beasts.
             The game lasted 00:31:49 (13587 turns).

epen the Mimic (Octopode Ice Elementalist)         Turns: 13587, Time: 00:31:50

Health: -3/70      AC: 10    Str: 26    XL:     12   Next: 71%
Magic:  14/18      EV: 21    Int: 29    God:    Cheibriados [*****.]
Gold:   878        SH:  0    Dex: 29    Spells: 10/17 levels left

rFire   . .          .
                       - Unarmed
rCold   . . .        (shield currently unavailable)
rNeg    . . .        o - +2 hat
rPois   +            l - amulet of the acrobat
rElec   .            e - +6 ring of strength
rCorr   .            i - ring of see invisible
SInv    +            r - ring of poison resistance
Will    .....        (no ring)
Stlth   +++++        (no ring)
HPRegen 0.31/turn    (no ring)
MPRegen 0.16/turn    (no ring)
                     (no ring)

%: acrobat, clarity
@: ice-armoured, blade tentacles, freezing walls, studying Shapeshifting, very
slow
A: almost no armour, amphibious, 8 rings, camouflage 1, gelatinous body 1,
(nimble swimmer 1), tentacles, clarity
a: Begin Untransformation, Renounce Religion, Bend Time, Temporal Distortion,
Slouch, Step From Time


You were on level 2 of the Lair of Beasts.
You worshipped Cheibriados.
Cheibriados was extremely pleased with you.
You had blades for main tentacles.
You visited 2 branches of the dungeon, and saw 13 of its levels.

You collected 910 gold pieces.
You spent 32 gold pieces at shops.

Inventory:

Armour
 o - a +2 hat (worn)
Jewellery
 e - a +6 ring of strength (left blade tentacle)
 i - a ring of see invisible (right blade tentacle)
 l - an amulet of the acrobat (around mantle)
 r - a ring of poison resistance (on tentacle)
Talismans
 j - a blade talisman (active)
 q - a serpent talisman
Wands
 m - a wand of paralysis (3)
 n - a wand of flame (25)
 t - a wand of iceblast (4)
 u - a wand of mindburst (3)
Scrolls
 d - 2 scrolls of enchant weapon
 f - a scroll of poison
 p - a scroll of identify
 s - a scroll of blinking
 v - a scroll of enchant armour
 w - a scroll of immolation
 x - a scroll of teleportation
Potions
 b - 3 potions of might
 c - a potion of lignification
 g - 3 potions of curing
 h - 2 potions of enlightenment
 k - 2 potions of haste


   Skills:
 * Level 2.0 Fighting
 + Level 9.1 Dodging
 - Level 4.9 Stealth
 + Level 11.5 Unarmed Combat
 - Level 3.2 Spellcasting
 - Level 5.6 Ice Magic
 + Level 8.6 Invocations
 * Level 12.4 Shapeshifting


You had 10 spell levels left.
You knew the following spells:

 Your Spells              Type           Power      Damage    Failure   Level
a - Freeze                Ice            100%       1d10      1%          1
b - Frozen Ramparts       Ice            74%        1d12      2%          3
c - Ozocubu's Armour      Ice            37%        N/A       2%          3

Your spell library contained the following spells:

 Spells                   Type           Power      Damage    Failure   Level
 Summon Ice Beast         Ice/Summ       20%        N/A       7%          3
 Kiss of Death            Conj/Necr      16%        2d6       8%          1
 Magic Dart               Conj           16%        1d3       8%          1
 Summon Small Mammal      Summ           16%        N/A       8%          1
 Cigotuvi's Dreadful Rot  Necr/Alch/Air  8%         N/A       12%         2
 Searing Ray              Conj           8%         2d4       12%         2
 Static Discharge         Conj/Air       8%         3-4/arc   12%         2
 Call Canine Familiar     Summ           4%         N/A       22%         3
 Confusing Touch          Hex            4%         N/A       22%         3
 Fugue of the Fallen      Necr           4%         N/A       22%         3
 Airstrike                Air            2%         2d(1-17)  58%         4
 Dispel Undead            Necr           4%         3d7       58%         4
 Fulminant Prism          Conj/Alch      2%         3d5       58%         4
 Leda's Liquefaction      Alch/Erth      2%         N/A       58%         4
 Martyr's Knell           Necr/Summ      4%         N/A       58%         4
 Summon Blazeheart Golem  Fire/Summ      4%         N/A       58%         4
 Summon Lightning Spire   Summ/Air       4%         N/A       58%         4
 Lee's Rapid Deconstruct  Erth           2%         3d4*      91%         5
 Permafrost Eruption      Ice/Erth       10%        2x4d4     98%         6
 Manifold Assault         Tloc           2%         N/A       100%        7
 Orb of Destruction       Conj           2%         9d5       100%        7
 Spellforged Servitor     Conj/Summ      2%         N/A       100%        7


Dungeon Overview and Level Annotations

Branches:
Dungeon (11/15)            Temple (0/1) D:5            Lair (2/5) D:9
    Orc (0/2) D:9
  Swamp: Lair:2-3    Shoals: Lair:2-3     Snake: Lair:2-3    Spider: Lair:2-3

Altars:
Cheibriados
Dithmenos
Hepliaklqana
Kikubaaqudgha
Makhleb
Nemelex Xobeh
Ru
Sif Muna
Trog
Vehumet
Wu Jian
Xom
Yredelemnul
Zin

Shops:
D:1 *   D:5 !   D:10 *

Portals:
Abyss: D:5

Annotations:
D:5 2 transporters, MirrMurr's ghost, novice GnWr
D:11 Amaemon


Innate Abilities, Weirdness & Mutations

You have blades for main tentacles.
You are incapable of wielding weapons or throwing items.
You cannot wear most types of armour.
You are amphibious.
You can wear up to eight rings at the same time.
Your skin changes colour to match your surroundings (Stealth+).
Your rubbery body absorbs attacks. (AC +1, EV +1)
((You are camouflaged when in or above water. (Stealth+)))
You have tentacles for arms and can constrict up to eight enemies at once.
You possess an exceptional clarity of mind.


Message History

The death yak gores you.
* * * LOW HITPOINT WARNING * * *
The wall freezes the death yak.
The wall freezes the death yak!
The death yak misses you.
You warp the flow of time around you!
Cheibriados lowers the support of your attributes as your movement quickens.
You don't have enough magic at the moment.
Your icy armour cracks and falls away as you move.
The frozen ramparts melt away as you move.
Your surroundings suddenly seem different.
A komodo dragon comes into view.
Found 35 gold pieces and a potion of enlightenment.
The komodo dragon hisses angrily.
You start resting.
A komodo dragon is nearby!
Casting: Frozen Ramparts (mildly dangerous; 2% risk of failure)
Confirm with . or Enter, or press ? or * to list all spells.
Casting: Frozen Ramparts (mildly dangerous; 2% risk of failure)
Press: ? - help, Dir - look around, f - activate The walls around you are covered in ice.
The wall freezes the komodo dragon.
The komodo dragon seems to slow down.
You feel better.
The komodo dragon is no longer moving slowly.
Magic courses through your body.
The wall freezes the komodo dragon but does no damage.
The komodo dragon closely misses you.
Casting: Frozen Ramparts (mildly dangerous; 2% risk of failure)
Confirm with . or Enter, or press ? or * to list all spells.
You cannot sustain more frozen ramparts right now.
Casting: Frozen Ramparts (mildly dangerous; 2% risk of failure)
Confirm with . or Enter, or press ? or * to list all spells.
A film of ice covers your body!
The wall freezes the komodo dragon!
The komodo dragon bites you!
* * * LOW HITPOINT WARNING * * *
You slash the komodo dragon!
The komodo dragon is heavily wounded.
The wall freezes the komodo dragon.
The komodo dragon seems to slow down.
The komodo dragon bites you!
You die...
Cheibriados appreciates the motionlessness of death.

### # #@#
##..#.#l####PP.
...............
#..............
#......$.......
...............
#.$............
.!.............
#..........$...


You could see a komodo dragon (slow).

Vanquished Creatures
  4 two-headed ogres
  2 death yaks (Lair:2)
  2 skeletal warriors (D:11)
  An ugly thing (D:9)
  6 elephants (Lair:1)
  2 black mambas (Lair:1)
  A gargoyle (D:11)
  3 cane toads
  An unseen horror (D:10)
  3 komodo dragons (Lair:1)
  3 trolls
  A hornet (D:9)
  5 blink frogs (Lair:1)
  5 wyverns
  A wraith (D:9)
  A shadow (D:10)
  16 yaks
  A steam dragon (D:9)
  An acid dragon (D:9)
  Duvessa (D:5)
  3 water moccasins
  A sky beast (D:8)
  7 orc warriors
  A black bear (D:6)
  An ice beast (D:8)
  4 wolves (Lair:1)
  2 ogres
  8 centaurs
  A kobold brigand (D:8)
  6 bullfrogs
  A scorpion (D:6)
  A wyvern zombie (D:7)
  A gnoll sergeant (D:10)
  5 wights
  Dowan (D:5)
  4 bombardier beetles
  A bullfrog zombie (D:7)
  3 centaur zombies (D:7)
  2 jellies
  5 orc priests
  6 hounds
  2 sleepcaps (D:5)
  An iguana (D:7)
  Terence (D:3)
  5 orc wizards
  A killer bee zombie (D:7)
  2 howler monkey zombies (D:7)
  10 gnolls
  6 adders
  A shadow imp (D:6)
  A white imp (D:5)
  3 ribbon worms
  3 dart slugs
  39 orcs
  3 endoplasms
  2 giant cockroaches (D:1)
  5 goblins
  5 hobgoblins
  7 jackals
  5 quokkas
  3 ball pythons
  7 bats
  5 frilled lizards
  6 kobolds
  3 rats
250 creatures vanquished.

Vanquished Creatures (others)
  A howler monkey (D:9)
1 creature vanquished.

Grand Total: 251 creatures vanquished

Notes
Turn   | Place    | Note
-------+----------+-------------------------------------------
     0 | D:1      | epen the Octopode Ice Elementalist began the quest for the
                  | Orb.
     0 | D:1      | Reached XP level 1. HP: 11/11 MP: 3/3
    45 | D:1      | Reached XP level 2. HP: 8/17 MP: 5/5
   317 | D:1      | Found Taeh Hul's General Store.
   388 | D:1      | Reached XP level 3. HP: 21/21 MP: 6/6
   628 | D:2      | Learned a level 3 spell: Frozen Ramparts
   633 | D:2      | Gained mutation: You possess an exceptional clarity of
                  | mind. [potion of mutation]
   634 | D:2      | HP: 1/31 [gnoll/+0 whip (5)]
   875 | D:2      | Reached XP level 4. HP: 13/27 MP: 5/7
   879 | D:2      | Learned a level 3 spell: Ozocubu's Armour
  1682 | D:3      | Reached XP level 5. HP: 18/31 MP: 2/9
  1919 | D:3      | Noticed Terence
  1929 | D:3      | Killed Terence
  1958 | D:3      | Found a shadowy altar of Dithmenos.
  2357 | D:3      | Reached skill level 5 in Ice Magic
  2357 | D:3      | Reached XP level 6. HP: 27/36 MP: 4/10
  2498 | D:4      | Identified a scroll of acquirement
  2498 | D:4      | Acquired a blade talisman
  2943 | D:4      | Found a snail-covered altar of Cheibriados.
  2966 | D:4      | Became a worshipper of Cheibriados the Contemplative
  3119 | D:4      | Reached skill level 1 in Unarmed Combat
  3657 | D:5      | Entered Level 5 of the Dungeon
  4099 | D:5      | Found a staircase to the Ecumenical Temple.
  4111 | D:5      | Reached skill level 1 in Shapeshifting
  4124 | D:5      | Reached XP level 7. HP: 41/41 MP: 6/11
  4174 | D:5      | Found a radiant altar of Vehumet.
  4204 | D:5      | Found a transporter.
  4267 | D:5      | Found a glowing drain.
  4399 | D:5      | Reached skill level 2 in Shapeshifting
  4416 | D:5      | Noticed Duvessa
  4419 | D:5      | Noticed Dowan
  4426 | D:5      | Killed Duvessa
  4427 | D:5      | Reached skill level 1 in Invocations
  4438 | D:5      | Killed Dowan
  4561 | D:5      | Found a one-way gate to the infinite horrors of the Abyss.
  4561 | D:5      | Noticed MirrMurr's ghost (novice GnWr)
  4587 | D:5      | Noticed a small abomination
  4604 | D:5      | Noticed an ancient zyme
  4637 | D:5      | Found a transporter.
  4717 | D:5      | Found Vonyem's Distillery.
  4883 | D:6      | Noticed a troll
  4893 | D:6      | Reached * piety under Cheibriados
  4910 | D:6      | Reached XP level 8. HP: 8/46 MP: 7/12
  5089 | D:6      | Found a burning altar of Makhleb.
  5094 | D:6      | Found a glowing silver altar of Zin.
  5212 | D:6      | Found a sacrificial altar of Ru.
  5313 | D:6      | Reached skill level 5 in Dodging
  5313 | D:6      | Reached skill level 3 in Shapeshifting
  5331 | D:6      | Killed a troll
  5445 | D:6      | Reached skill level 5 in Unarmed Combat
  5558 | D:6      | Found an ancient bone altar of Kikubaaqudgha.
  5596 | D:6      | Found a hazy altar of Hepliaklqana.
  5991 | D:7      | Reached XP level 9. HP: 31/51 MP: 13/13
  6111 | D:7      | Reached skill level 4 in Shapeshifting
  6255 | D:7      | Reached ** piety under Cheibriados
  6256 | D:7      | Found a basalt altar of Yredelemnul.
  7233 | D:8      | Reached skill level 5 in Shapeshifting
  7360 | D:8      | Reached *** piety under Cheibriados
  7877 | D:8      | Reached skill level 5 in Invocations
  7877 | D:8      | Reached XP level 10. HP: 42/56 MP: 3/14
  8243 | D:9      | Reached skill level 6 in Shapeshifting
  8400 | D:9      | Found a bloodstained altar of Trog.
  8417 | D:9      | Found a staircase to the Orcish Mines.
  8510 | D:9      | Found an ornate altar of the Wu Jian Council.
  8618 | D:9      | Found a staircase to the Lair.
  8627 | D:9      | Noticed a cyan ugly thing
  8828 | D:9      | Reached **** piety under Cheibriados
  9025 | D:9      | Reached skill level 7 in Shapeshifting
  9199 | D:9      | Killed a cyan ugly thing
  9321 | D:9      | Found a sparkling altar of Nemelex Xobeh.
  9685 | D:10     | Entered Level 10 of the Dungeon
  9748 | D:10     | Acquired a manual of Shapeshifting
  9804 | D:10     | Found Ahisi's General Store.
  9809 | D:10     | Bought a scroll of identify for 32 gold pieces
  9965 | D:10     | Reached XP level 11. HP: 20/61 MP: 2/15
 10119 | D:10     | Noticed a two-headed ogre
 10126 | D:10     | Killed a two-headed ogre
 10127 | D:10     | Reached skill level 8 in Shapeshifting
 10278 | D:10     | Found a shimmering altar of Xom.
 10321 | D:10     | Found a shimmering blue altar of Sif Muna.
 10387 | D:10     | Noticed a two-headed ogre
 10398 | D:10     | Killed a two-headed ogre
 10771 | D:11     | Reached ***** piety under Cheibriados
 10915 | D:11     | Noticed a two-headed ogre
 10925 | D:11     | Killed a two-headed ogre
 10926 | D:11     | Reached skill level 9 in Shapeshifting
 10939 | D:11     | Noticed a two-headed ogre
 11207 | D:11     | Noticed a brown ugly thing
 11207 | D:11     | Noticed a deep elf pyromancer
 11365 | D:11     | Noticed a two-headed ogre
 11373 | D:11     | Killed a two-headed ogre
 11383 | D:11     | Noticed a skeletal warrior
 11395 | D:11     | Killed a skeletal warrior
 11396 | D:11     | Reached skill level 10 in Unarmed Combat
 11496 | D:11     | Noticed a skeletal warrior
 11496 | D:11     | Noticed a skeletal warrior
 11511 | D:11     | Killed a skeletal warrior
 11661 | D:11     | Noticed Amaemon
 11796 | Lair:1   | Entered Level 1 of the Lair of Beasts
 11817 | Lair:1   | Reached skill level 10 in Shapeshifting
 12035 | Lair:1   | Reached XP level 12. HP: 27/66 MP: 10/17
 12247 | Lair:1   | Reached skill level 11 in Shapeshifting
 12940 | Lair:1   | Reached skill level 12 in Shapeshifting
 12947 | Lair:1   | epen: ??fading
 12947 | Lair:1   | beem: fading ~ faded ~ ecumenical altar[1/3]: Converts you
                  | to a random god, and gives you 20 bonus piety. Won't pick a
                  | god that you cannot worship. Gozag skips the entry fee
                  | while Ru immediately offers a sacrifice. In 0.30+ the god
                  | is randomly chosen from a list of 3 gods that you can
                  | preview!
 12947 | Lair:1   | epen: ??fading [2
 12947 | Lair:1   | beem: fading ~ faded ~ ecumenical altar[2/3]: 25% chance of
                  | appearing on each of D:1-3, making a ~58% chance of seeing
                  | one and a 25% chance of seeing one on the first floor,
                  | before any identified altars are allowed.
 12947 | Lair:1   | epen: ??talisman
 12947 | Lair:1   | beem: talisman[1/3]: When used, turns you into something
                  | funky after fiveish turns. Your face will stick that way
                  | until you choose to turn back, which also takes five turns.
                  | Shapeshifting skill makes you even funkier. Added in 0.31,
                  | replacing various spells.
 12947 | Lair:1   | epen: ??talisman [2
 12947 | Lair:1   | beem: talisman[2/3]: Beast, flux, maw, blade, serpent,
                  | granite, dragon, storm, death.
 12947 | Lair:1   | epen: ??talisman [3
 12947 | Lair:1   | beem: talisman[3/3]: Dropped from: Rupert(50% maw),
                  | Aizul(serpent), Roxanne(statue), Sojobo(50% storm), Bai
                  | Suzhen(50% dragon), and Josephina(50% death)
 13456 | Lair:2   | Reached skill level 1 in Fighting
 13531 | Lair:2   | Noticed a death yak
 13563 | Lair:2   | Killed a death yak
 13564 | Lair:2   | Noticed a death yak
 13568 | Lair:2   | Noticed a death yak
 13568 | Lair:2   | Noticed a death yak
 13568 | Lair:2   | Noticed a death yak
 13569 | Lair:2   | Noticed a death yak
 13572 | Lair:2   | Killed a death yak
 13587 | Lair:2   | Slain by a komodo dragon

Illustrated notes

Levels and vault maps discovered:
D:1:      minmay_arrival_pointy, layout_basic, serial_shops,
          nicolae_shop_tiny_waterfront
D:2:      minmay_alternating_diamond, layout_loops_cross
D:3:      layout_loops_ring, lemuel_doored_altar,
          chequers_serial_rivers_micro_d, uniq_terence
D:4:      layout_layer_cave, cheibriados_altar_1
D:5:      layout_basic, vehumet_altar_wand_db, minmay_temple_entry_offerings,
          gup_sewer_entry_bowl, gammafunk_ghost_abyssal_escape, serial_shops,
          nicolae_shop_back_alley_shop, moated_statue,
          kennysheep_generic_room_15, uniq_duvessa
D:6:      layout_rooms, kiku_gazebo_pond_becter, nzn_hepliaklqana_mist_gate,
          grunt_temple_overflow_order_and_chaos_2,
          lemuel_coloured_pillars_altar, minmay_checkerbox
D:7:      layout_cave_pools, nicolae_yredelemnul_corpse_copse,
          serial_column_ruins, column_ruins_square_small,
          column_ruins_circle_small, column_ruins_grid_1,
          column_ruins_open_medium, column_ruins_open_large,
          column_ruins_columns_T, minmay_misc_feat_diagonals,
          minmay_gold_behind_fungi
D:8:      layout_basic, minmay_crystal_room
D:9:      minmay_spotlight, layout_loops_ring, nicolae_overflow_hidden_temple,
          mainiacjoe_overflow_alcove_4, mainiacjoe_overflow_tiny_flanked,
          dpeg_oklobed_lair, david_orc_2
D:10:     minmay_evil_eye, layout_basic, brannock_xom_greatest_gift,
          nicolae_sif_muna_condensation, serial_shops, shop
D:11:     minmay_the_grid_triangle_9x9_line_8_mashed
          [minmay_the_grid_triangle_9x9_odd_lines,
          minmay_the_grid_triangle_9x9_subtriangle,
          minmay_the_grid_triangle_9x9_impossible_snake,
          minmay_the_grid_triangle_9x9_cache,
          minmay_the_grid_triangle_9x9_skeleton,
          minmay_the_grid_triangle_9x9_corrupted_corridor,
          minmay_the_grid_triangle_9x9_sparse_checkered,
          minmay_the_grid_triangle_9x9_prize_special], layout_stronghold,
          gauntlet_entry_generic, nicolae_trove_entry_free_sample, uniq_amaemon
Lair:1:   layout_gridlike, grunt_forest_small_clearing_treed, grunt_megastairs_3
Lair:2:   layout_chaotic_city

Skill      XL: |  1  2  3  4  5  6  7  8  9 10 11 12 |
---------------+-------------------------------------+-----
Stealth        | 3 4 |  4.9
Dodging        | 3 4 5 6 7 8 9 |  9.1
Spellcasting   | 3 |  3.2
Ice Magic      | 5 |  5.6
Unarmed Combat | 1 3 5 7 9 10 11 | 11.5
Shapeshifting  | 1 2 3 5 7 10 12 | 12.4
Invocations    | 1 3 5 6 7 8 |  8.6
Fighting       | 2 |  2.0

Action                     |  1- 3 |  4- 6 |  7- 9 | 10-12 || total
---------------------------+-------+-------+-------+-------++-------
  Melee: Unarmed           |    59 |    98 |   230 |   282 ||   669
         Constrict         |    21 |    31 |    48 |    34 ||   134
         Tentacles         |    15 |    29 |    76 |    87 ||   207
         Punch             |       |     1 |    14 |    21 ||    36
   Cast: Frozen Ramparts   |     1 |    10 |    25 |    45 ||    81
         Freeze            |     1 |       |       |       ||     1
         Ozocubu's Armour  |       |     2 |    17 |    36 ||    55
 Invoke: Temporal Distorti |       |       |       |     4 ||     4
Ability: Begin Untransform |       |       |       |     1 ||     1
    Use: Potion            |     2 |       |     3 |     5 ||    10
         Scroll            |       |     5 |     3 |    15 ||    23
   Stab: Sleeping          |     8 |    12 |     9 |     5 ||    34
         Distracted        |     1 |       |       |       ||     1
 Armour: Skin              |    25 |    40 |   125 |   166 ||   356
  Dodge: Dodged            |    46 |    59 |   198 |   334 ||   637
   Form: Blade             |       |     1 |       |     5 ||     6
                           |       |     1 |       |     1 ||     2
         Serpent           |       |       |       |     2 ||     2

Table legend: (Time is in decaauts)
 A = Elapsed time spent in this place.
 B = Non-inter-level travel time spent in this place.
 C = Inter-level travel time spent in this place.
 D = Time resting spent in this place.
 E = Time spent auto-exploring this place.
 F = Levels seen in this place.
 G = Mean time per level.
                   A        B        C        D        E       F      G
               +--------+--------+--------+--------+--------+-----+--------+
         Total |  16768 |  16092 |    676 |   3307 |   9661 |  13 | 1289.8 |
       Dungeon |  14387 |  13736 |    651 |   2613 |   8389 |  11 | 1307.9 |
          Lair |   2381 |   2356 |     25 |    694 |   1271 |   2 | 1190.5 |
               +--------+--------+--------+--------+--------+-----+--------+

Top non-repeatable levels by time:
  Lair:1: 2102 daAuts
     D:9: 2030 daAuts
    D:10: 1797 daAuts
     D:4: 1787 daAuts
     D:7: 1555 daAuts
     D:8: 1500 daAuts
     D:5: 1142 daAuts
    D:11: 1128 daAuts
     D:3: 1026 daAuts
     D:6: 943 daAuts
     D:2: 856 daAuts
     D:1: 618 daAuts
  Lair:2: 278 daAuts
